[Event "Tuesday Night Engine Tour 7 Rd Swiss 12m+1s Starts at 2200hrs ST"]
[Site "Infinity Chess"]
[Date "2018.1.16"]
[Round "3"]
[White "MarioDeMonti"]
[Black "OlivierEvan"]
[Result "1/2-1/2"]
[ECO "B90"]
[WhiteElo "2428"]
[BlackElo "2397"]
[WhiteEngine "stockfish_x64_bmi2_2018_01_13_CTG"]
[BlackEngine "Houdini 6"]
[EventType "Swiss"]
[WhiteTeam ""]
[BlackTeam ""]
[PlyCount "119"]
[TimeControl "720+1"]

1. e4 c5 2. Nf3 d6 3. d4 cxd4 4. Nxd4 Nf6 5. Nc3 a6 6. Be3 e5 7. Nb3 Be6 
8. f3 h5 9. Qd2 Nbd7 10. Nd5 Bxd5 11. exd5 g6 12. O-O-O Nb6 13. Qa5 Bh6 
14. Bxh6 Rxh6 15. Qd2 Rh8 16. Na5 Qc7 17. c4 Kf8 18. Kb1 Kg7 19. Bd3 Nbd7 
20. Rc1 Rae8 21. Rhe1 h4 22. Bc2 Rc8 23. a3 Ng8 24. f4 exf4 25. Rf1 Ngf6 
26. Rxf4 Ne5 27. Rcf1 Nfd7 28. Qf2 Nb6 29. c5 Nxd5 30. Rd4 Qxc5 31. Bb3 Qxa5 
32. Rxd5 Qd8 33. Qd4 Qe7 34. Rxd6 Rhf8 35. Rdf6 Rcd8 36. Qxh4 Rd7 37. g4 Rh8 
38. Qg3 Rf8 39. g5 Rd3 40. Rxf7+ Rxf7 41. Rxf7+ Nxf7 42. Qxd3 Nxg5 43. Qc3+ Kh7 
44. Qc4 Ne4 45. Qg8+ Kh6 46. Qh8+ Kg5 47. Ka1 Nc5 48. h4+ Kf4 49. Qh6+ g5 
50. Bd1 Ne4 51. Bb3 Nc5 52. Bd1 Ne4 53. Bc2 Qf6 54. hxg5 Qxg5 55. Qh1 Qd5 
56. Qh4+ Ke5 57. Qe7+ Kf4 58. Qxe4+ Qxe4 59. Bxe4 Kxe4 60. Ka2 1/2-1/2

[Event "Tuesday Night Engine Tour 7 Rd Swiss 12m+1s Starts at 2200hrs ST"]
[Site "Infinity Chess"]
[Date "2018.1.16"]
[Round "3"]
[White "Seliga"]
[Black "hafaba"]
[Result "1/2-1/2"]
[ECO "A06"]
[WhiteElo "2422"]
[BlackElo "2433"]
[WhiteEngine "SF@140118T_CTG"]
[BlackEngine "Stockfish SL 07012018 POPCNT_CTG"]
[EventType "Swiss"]
[WhiteTeam ""]
[BlackTeam ""]
[PlyCount "129"]
[TimeControl "720+1"]

1. Nf3 d5 2. d4 e6 3. c4 Nf6 4. e3 b6 5. b3 Nbd7 6. Bb2 Bb7 7. Bd3 Bd6 
8. O-O O-O 9. Nbd2 Qe7 10. Ne5 Rad8 11. cxd5 exd5 12. f4 Ne4 13. Rc1 Ndf6 
14. Ndf3 c5 15. Qe1 Nd7 16. Qe2 f6 17. Nxd7 Rxd7 18. dxc5 bxc5 19. Nd2 Nxd2 
20. Qxd2 Kh8 21. Rfe1 Rc7 22. Qf2 Qe6 23. Ba3 a5 24. Qc2 g5 25. g3 gxf4 
26. exf4 Qf7 27. Qe2 Re7 28. Qf2 d4 29. Rxe7 Qxe7 30. Qe2 Qf7 31. Re1 Qd5 
32. Be4 Qxe4 33. Qxe4 Bxe4 34. Rxe4 Rd8 35. Re1 Kg8 36. Kf2 f5 37. Rc1 Rc8 
38. Bb2 Rb8 39. Ba3 Rb5 40. Ke2 a4 41. Rb1 Ra5 42. b4 Rb5 43. Kd3 cxb4 
44. Bb2 Kf7 45. Bxd4 Ke6 46. Kc4 Rb7 47. Rb2 h5 48. Re2+ Kf7 49. Rd2 Be7 
50. Rb2 Rc7+ 51. Kb5 a3 52. Re2 Rc1 53. Ka4 Rc4 54. Rd2 h4 55. gxh4 Bxh4 
56. Rd1 Bf6 57. Bxf6 Kxf6 58. Rd6+ Kg7 59. Rb6 Rc2 60. Rxb4 Rxa2 61. Kb3 Rxh2 
62. Kxa3 Rh3+ 63. Kb2 Kg6 64. Rb5 Rf3 65. Kc2 1/2-1/2

[Event "Tuesday Night Engine Tour 7 Rd Swiss 12m+1s Starts at 2200hrs ST"]
[Site "Infinity Chess"]
[Date "2018.1.16"]
[Round "3"]
[White "Eman"]
[Black "incredible"]
[Result "1/2-1/2"]
[ECO "A50"]
[WhiteElo "2463"]
[BlackElo "2440"]
[WhiteEngine "Eman 1.62 64-bit POPCNT"]
[BlackEngine "Stockfish_x64_bmi2"]
[EventType "Swiss"]
[WhiteTeam ""]
[BlackTeam ""]
[PlyCount "158"]
[TimeControl "720+1"]

1. d4 Nf6 2. c4 b6 3. f3 Nc6 4. Nc3 e5 5. d5 Ne7 6. e4 Ng6 7. h4 Nh5 8. Nge2 Be7 
9. g3 d6 10. Be3 a6 11. Qb3 O-O 12. O-O-O f5 13. exf5 Rxf5 14. Bg2 Rf8 
15. Rd2 Bd7 16. Ne4 Rb8 17. N2c3 h6 18. a3 Qc8 19. Rf2 b5 20. Qc2 b4 
21. axb4 Rxb4 22. Bf1 a5 23. Na2 Rb8 24. Bd3 a4 25. Nac3 Qb7 26. Rg1 Qb4 
27. Nb5 Bd8 28. Bd2 Qb3 29. Be3 Qxc2+ 30. Bxc2 Ne7 31. Nec3 Nf6 32. Bxa4 Ra8 
33. Bc2 Ra1+ 34. Bb1 Nf5 35. Ba7 Nh5 36. g4 Bxh4 37. gxf5 Bxf2 38. Bxf2 Bxf5 
39. Kd2 Bxb1 40. Ke3 Nf4 41. Rxb1 Rxb1 42. Nxb1 h5 43. Nd2 Rf7 44. Ne4 h4 
45. Bg1 g5 46. Nbc3 Rg7 47. c5 dxc5 48. Nf6+ Kf7 49. Ng4 h3 50. Ke4 Rh7 
51. Kf5 Nd3 52. b3 Ke7 53. Ke4 Nc1 54. Bxc5+ Kf7 55. Bg1 Nxb3 56. Ke3 Kg6 
57. Nxe5+ Kf5 58. Ng4 Nc5 59. Bh2 Re7+ 60. Kd4 Nb3+ 61. Kd3 Nc1+ 62. Kc4 Ne2 
63. Nb5 Nf4 64. Nd4+ Kg6 65. Nf2 Rh7 66. Kc5 Rh8 67. Kc4 Rh6 68. Ng4 Rh8 
69. Nf2 Rh7 70. Kc5 Rh8 71. Nc6 Rh6 72. Ne5+ Kf5 73. Nc6 Rh7 74. Ng4 Kg6 
75. Nce5+ Kf5 76. Kd4 Ne2+ 77. Kc5 Nf4 78. Kd4 Ne2+ 79. Kc5 Nf4 1/2-1/2

[Event "Tuesday Night Engine Tour 7 Rd Swiss 12m+1s Starts at 2200hrs ST"]
[Site "Infinity Chess"]
[Date "2018.1.16"]
[Round "3"]
[White "Thor"]
[Black "SkyPilot"]
[Result "1/2-1/2"]
[ECO "C53"]
[WhiteElo "2451"]
[BlackElo "2476"]
[WhiteEngine "asmFishW_2017-11-19_bmi2"]
[BlackEngine "stockfish_x64_bmi2_2018_01_13_CTG"]
[EventType "Swiss"]
[WhiteTeam ""]
[BlackTeam ""]
[PlyCount "97"]
[TimeControl "720+1"]

1. e4 e5 2. Nf3 Nc6 3. Bc4 Bc5 4. c3 Nf6 5. d4 exd4 6. e5 d5 7. Bb5 Ne4 
8. cxd4 Bb6 9. O-O Bg4 10. a4 a5 11. Nc3 O-O 12. Bxc6 bxc6 13. h3 Bh5 14. Be3 f6 
15. g4 Be8 16. exf6 Nxf6 17. Rc1 Qd6 18. Ne5 Nd7 19. f4 Nxe5 20. fxe5 Rxf1+ 
21. Kxf1 Qb4 22. Rc2 Qb3 23. Qe2 Bg6 24. Rd2 Rf8+ 25. Kg1 Qb4 26. Kh2 Qe7 
27. Qd1 Ba7 28. Qe1 Bf7 29. Qg3 Rb8 30. Qf3 h6 31. g5 h5 32. Ne2 Qe8 33. Bf2 Qe6 
34. h4 Bg6 35. Nf4 Qf5 36. Kg2 Rf8 37. Be3 Qb1 38. Kg3 Bf5 39. Nxh5 Be4 
40. Qg4 Qe1+ 41. Bf2 Qxd2 42. Nf6+ gxf6 43. gxf6+ Kf7 44. Qg7+ Ke6 45. Qe7+ Kf5 
46. Qh7+ Ke6 47. Qe7+ Kf5 48. Qh7+ Ke6 49. Qe7+ 1/2-1/2

[Event "Tuesday Night Engine Tour 7 Rd Swiss 12m+1s Starts at 2200hrs ST"]
[Site "Infinity Chess"]
[Date "2018.1.16"]
[Round "3"]
[White "KULLANI"]
[Black "KhalidOmar"]
[Result "1/2-1/2"]
[ECO "D30"]
[WhiteElo "2478"]
[BlackElo "2459"]
[WhiteEngine "BrainFish_180113_x64_CTG"]
[BlackEngine "Eman 1.62 64-bit BMI2"]
[EventType "Swiss"]
[WhiteTeam ""]
[BlackTeam ""]
[PlyCount "139"]
[TimeControl "720+1"]

1. d4 d5 2. c4 e6 3. Nf3 Nf6 4. Nc3 c6 5. Bg5 h6 6. Bxf6 Qxf6 7. e3 g6 
8. Bd3 Nd7 9. O-O dxc4 10. Bxc4 Bg7 11. e4 e5 12. d5 Nb6 13. Nd2 O-O 14. Bb3 h5 
15. Qe2 Bg4 16. f3 Bd7 17. a4 cxd5 18. exd5 Qe7 19. a5 Nc8 20. Rfd1 Nd6 
21. Nde4 Bf5 22. Nxd6 Qxd6 23. Kh1 Rac8 24. g4 hxg4 25. fxg4 Bd7 26. Ba4 Rfd8 
27. Bxd7 Rxd7 28. Ne4 Qb4 29. Rdc1 Rxc1+ 30. Rxc1 Qxa5 31. Qf3 Qxd5 32. Rc8+ Rd8 
33. Nf6+ Bxf6 34. Qxd5 Rxc8 35. Qxb7 Rc1+ 36. Kg2 Kg7 37. Qxa7 Rc2+ 38. Kf1 Rxb2 
39. Qe3 Rb1+ 40. Ke2 Rb2+ 41. Kf1 Bh4 42. Qxe5+ Bf6 43. Qe4 Rxh2 44. g5 Rh5 
45. gxf6+ Kxf6 46. Qd4+ Ke7 47. Qa7+ Ke6 48. Qb6+ Ke7 49. Qb4+ Ke6 50. Qg4+ Ke7 
51. Kf2 Rh2+ 52. Ke1 Rh1+ 53. Kf2 Rh2+ 54. Ke3 Kf8 55. Qc8+ Kg7 56. Qc5 Rh3+ 
57. Kd2 Rh1 58. Qd4+ Kh7 59. Qf6 Rh2+ 60. Ke1 Rh1+ 61. Kf2 Kg8 62. Qd4 Rh3 
63. Qd8+ Kg7 64. Qe7 Kg8 65. Qe1 Rh2+ 66. Kf3 Rh5 67. Qa1 Rg5 68. Qb1 Rh5 
69. Qa1 Kh7 70. Qb1 1/2-1/2

[Event "Tuesday Night Engine Tour 7 Rd Swiss 12m+1s Starts at 2200hrs ST"]
[Site "Infinity Chess"]
[Date "2018.1.16"]
[Round "2"]
[White "avilllaa"]
[Black "star99"]
[Result "1/2-1/2 "]
[ECO "E40"]
[WhiteElo "2400"]
[BlackElo "2452"]
[WhiteEngine "Cryptic AIL V1"]
[BlackEngine "Cryptic AIL V1"]
[EventType "Swiss"]
[WhiteTeam ""]
[BlackTeam ""]
[PlyCount "223"]
[TimeControl "720+1"]

1. d4 Nf6 2. c4 e6 3. Nc3 Bb4 4. e3 O-O 5. Bd3 d5 6. Nf3 b6 7. O-O Ba6 
8. cxd5 Bxd3 9. Qxd3 exd5 10. b3 Nbd7 11. Bb2 Re8 12. Rac1 a6 13. Qf5 Nf8 
14. Ne5 Ng6 15. Nc6 Ne7 16. Qxf6 gxf6 17. Nxd8 Rexd8 18. Ne2 Bd6 19. a4 a5 
20. Ra1 Kf8 21. Ba3 Bxa3 22. Rxa3 Rac8 23. Rc1 c5 24. Raa1 Nf5 25. Rd1 Ng7 
26. Ra2 Ne6 27. g3 Kg7 28. Kg2 Kg6 29. Rad2 f5 30. dxc5 Rxc5 31. Nd4 Kf6 
32. Nb5 Ng5 33. Nd4 Ne6 34. Rd3 Nc7 35. h3 Ne6 36. R1d2 Nc7 37. Rb2 Ne6 
38. Nb5 Kg7 39. Rbd2 Rd7 40. Rd1 Rd8 41. R1d2 Rd7 42. Nd4 Kf6 43. Ne2 Kg7 
44. g4 fxg4 45. hxg4 b5 46. f4 bxa4 47. bxa4 Rc4 48. Rxd5 Rxd5 49. Rxd5 Rxa4 
50. Ng3 Ra1 51. Nf5+ Kg6 52. Nd6 Kf6 53. g5+ Ke7 54. Nf5+ Ke8 55. Rb5 Kd7 
56. Rb7+ Nc7 57. Nd4 a4 58. Ra7 Kc8 59. Kg3 Nd5 60. Kf3 a3 61. Nc2 Rf1+ 
62. Ke2 Rc1 63. Kd2 Rf1 64. Nxa3 Nxf4 65. exf4 Rxf4 66. Ke3 Rf5 67. Nc4 Rxg5 
68. Nd6+ Kb8 69. Rb7+ Ka8 70. Rxf7 h5 71. Rh7 Kb8 72. Ke4 Rc5 73. Kd4 Ra5 
74. Nc4 Ra1 75. Rxh5 Kc7 76. Kc5 Kd7 77. Re5 Kd8 78. Re3 Rd1 79. Re6 Ra1 
80. Kd5 Rb1 81. Ra6 Ke7 82. Ne3 Kf7 83. Ke5 Re1 84. Kd4 Rb1 85. Ke5 Re1 
86. Kf4 Re2 87. Nd5 Re1 88. Ra7+ Kg6 89. Ra6+ Kf7 90. Nc3 Kg7 91. Ra7+ Kg6 
92. Ra6+ Kf7 93. Nd5 Rf1+ 94. Ke3 Rh1 95. Nc3 Rh3+ 96. Kd4 Rh5 97. Ne4 Rh1 
98. Rf6+ Kg7 99. Rb6 Ra1 100. Rb7+ Kg6 101. Ke5 Ra5+ 102. Kf4 Ra1 103. Rb6+ Kf7 
104. Rc6 Ra4 105. Rf6+ Ke7 106. Rb6 Ra5 107. Rd6 Ke8 108. Rf6 Ke7 109. Rb6 Ra8 
110. Nc3 Kf7 111. Rc6 Ra1 112. Nd5 1/2-1/2

[Event "Tuesday Night Engine Tour 7 Rd Swiss 12m+1s Starts at 2200hrs ST"]
[Site "Infinity Chess"]
[Date "2018.1.16"]
[Round "2"]
[White "BraveDevil"]
[Black "Zor"]
[Result "1/2-1/2 "]
[ECO "E40"]
[WhiteElo "2400"]
[BlackElo "2457"]
[WhiteEngine "Cryptic AIL V1"]
[BlackEngine "Cryptic AIL V1"]
[EventType "Swiss"]
[WhiteTeam ""]
[BlackTeam ""]
[PlyCount "151"]
[TimeControl "720+1"]

1. d4 Nf6 2. c4 e6 3. Nc3 Bb4 4. e3 O-O 5. Bd3 b6 6. Nf3 d5 7. O-O c5 
8. cxd5 exd5 9. Ne5 Bb7 10. Bd2 Nc6 11. a3 Nxe5 12. dxe5 Bxc3 13. Bxc3 Ne4 
14. Bxe4 dxe4 15. Qg4 h6 16. e6 Qg5 17. exf7+ Rxf7 18. Qxg5 hxg5 19. Rfd1 Raf8 
20. Rd6 Rxf2 21. Rg6 R2f7 22. Rxg5 Ba6 23. h4 Kh7 24. a4 Bd3 25. Kh2 Rc8 
26. Kg3 Kh6 27. a5 b5 28. Rc1 Rc6 29. Kh2 Rg6 30. Rxc5 Rf2 31. Rg5 Rxg5 
32. hxg5+ Kxg5 33. Bd4 a6 34. Rc7 b4 35. Rxg7+ Kh6 36. Rc7 Rf5 37. Rc5 Rg5 
38. b3 Rxc5 39. Bxc5 Bc2 40. Bxb4 Bxb3 41. g4 Bd1 42. Kh3 Bc2 43. Bc5 Kg6 
44. Be7 Bb1 45. Bh4 Ba2 46. Bd8 Bb1 47. Bb6 Ba2 48. Kh4 Bb1 49. Kh3 Ba2 
50. Ba7 Bb1 51. Bc5 Ba2 52. Kg3 Kg5 53. Ba3 Kf6 54. Kh2 Bd5 55. Kh3 Ba2 
56. Bd6 Bb1 57. Bc7 Ba2 58. Bd8+ Kg6 59. Bb6 Bb1 60. Bc5 Ba2 61. Bd6 Bb1 
62. Kg2 Ba2 63. Be5 Bb1 64. Kg3 Ba2 65. Bb8 Kg5 66. Bf4+ Kf6 67. Kg2 Be6 
68. Kh3 Ba2 69. Kh4 Bd5 70. Kh3 Ba2 71. Bb8 Bb1 72. Bh2 Ba2 73. Kh4 Kg6 
74. Bg3 Bb1 75. Be1 Bd3 76. Bc3 1/2-1/2

[Event "Tuesday Night Engine Tour 7 Rd Swiss 12m+1s Starts at 2200hrs ST"]
[Site "Infinity Chess"]
[Date "2018.1.16"]
[Round "2"]
[White "tris77"]
[Black "BlitzMaster"]
[Result "1/2-1/2"]
[ECO "C55"]
[WhiteElo "2320"]
[BlackElo "2471"]
[WhiteEngine "stockfish_8_x64_popcnt_CTG"]
[BlackEngine "komodo-11.2.2-64bit"]
[EventType "Swiss"]
[WhiteTeam ""]
[BlackTeam ""]
[PlyCount "144"]
[TimeControl "720+1"]

1. e4 e5 2. Nf3 Nc6 3. Bc4 Nf6 4. d3 Bc5 5. O-O O-O 6. c3 d6 7. Nbd2 a6 
8. Bb3 Ba7 9. h3 h6 10. Re1 Re8 11. Nf1 Be6 12. Bc2 d5 13. exd5 Qxd5 14. b4 Rad8 
15. Ng3 b5 16. a4 Qd6 17. Bd2 Bb6 18. Qe2 Qd7 19. a5 Ba7 20. Be3 Bxe3 
21. fxe3 e4 22. dxe4 Qe7 23. Qf2 Nd7 24. Rad1 Nce5 25. Nxe5 Nxe5 26. Nf5 Qf6 
27. Qg3 Bc4 28. Rxd8 Rxd8 29. Rd1 Rxd1+ 30. Bxd1 g6 31. Bc2 Kh8 32. Qh4 Qxh4 
33. Nxh4 Kg7 34. Nf3 Kf6 35. Kf2 Ke6 36. Kg3 Kd6 37. Bd1 Be6 38. Be2 f6 
39. Kf2 Bc8 40. Nxe5 Kxe5 41. c4 c6 42. c5 Be6 43. Bf3 h5 44. h4 Bd7 45. Ke2 Bg4 
46. Kd3 Be6 47. Bd1 Bc4+ 48. Kc3 Be6 49. g3 Bc8 50. Bc2 Bd7 51. Bb1 Bg4 
52. Kd3 Be6 53. Ke2 g5 54. Kd3 Bf7 55. Kc3 Bg6 56. Ba2 Be8 57. Bb1 Bf7 
58. Bd3 Bg6 59. Bf1 g4 60. Be2 Bxe4 61. Bd3 Bxd3 62. Kxd3 Kd5 63. e4+ Ke5 
64. Ke3 f5 65. exf5 Kxf5 66. Kd4 Kf6 67. Ke4 Ke6 68. Kd4 Kf6 69. Kd3 Ke5 
70. Ke3 Kf5 71. Kd3 Ke5 72. Ke3 Kf5 1/2-1/2

[Event "Tuesday Night Engine Tour 7 Rd Swiss 12m+1s Starts at 2200hrs ST"]
[Site "Infinity Chess"]
[Date "2018.1.16"]
[Round "2"]
[White "Seliga"]
[Black "OlivierEvan"]
[Result "1/2-1/2"]
[ECO "A06"]
[WhiteElo "2423"]
[BlackElo "2396"]
[WhiteEngine "SF@140118T_CTG"]
[BlackEngine "Houdini 6"]
[EventType "Swiss"]
[WhiteTeam ""]
[BlackTeam ""]
[PlyCount "174"]
[TimeControl "720+1"]

1. Nf3 d5 2. d4 Nf6 3. c4 e6 4. e3 Be7 5. cxd5 exd5 6. Bd3 O-O 7. Nc3 Re8 
8. O-O h6 9. b3 Bg4 10. h3 Bxf3 11. Qxf3 c6 12. a3 Na6 13. Re1 Nc7 14. Bb2 Ne6 
15. h4 a5 16. g3 h5 17. Bf5 Bf8 18. Qd1 g6 19. Bd3 Qd7 20. Bc2 Rad8 21. Qf3 Ng4 
22. Ne2 Bg7 23. Rab1 Rc8 24. a4 Qd8 25. Red1 Bf8 26. Bc3 Qb6 27. Bd3 Bd6 
28. Rd2 Ra8 29. Rdb2 Ba3 30. Ra2 Bb4 31. Bxb4 Qxb4 32. Nc1 Qb6 33. Rd2 c5 
34. Ne2 Qb4 35. Rdd1 cxd4 36. exd4 Red8 37. Bb5 Rac8 38. Qd3 Nc7 39. Rbc1 Nxb5 
40. axb5 a4 41. bxa4 Qxa4 42. Nf4 Qa2 43. Qe2 Qxe2 44. Nxe2 Rc4 45. Rxc4 dxc4 
46. Rc1 Rc8 47. Nc3 Nf6 48. Kg2 Kf8 49. Ra1 Rc7 50. Ra7 Kg7 51. Ra4 Kf8 
52. Kf3 Ke7 53. Ke3 Ke6 54. Kd2 Rc8 55. Ra7 Rc7 56. f3 Rd7 57. Kc2 b6 
58. Ra6 Rd6 59. Kb2 Kf5 60. Kc2 Ke6 61. Kb2 Kf5 62. Ka3 Nd7 63. Na4 c3 
64. Kb3 Rxd4 65. Kxc3 Rd6 66. Nb2 Ne5 67. f4 Nd7 68. Nc4 Re6 69. Kd4 Kg4 
70. Ra7 Nf6 71. Rb7 Kxg3 72. Rxb6 Rxb6 73. Nxb6 Kxh4 74. Ke5 Ng4+ 75. Kd4 Kg3 
76. Nd5 h4 77. b6 h3 78. b7 h2 79. b8=Q h1=Q 80. f5+ Kg2 81. Nf4+ Kg1 
82. fxg6 fxg6 83. Ne2+ Kf2 84. Qf4+ Kxe2 85. Qxg4+ Kf2 86. Qf4+ Qf3 87. Ke5 g5 
1/2-1/2

[Event "Tuesday Night Engine Tour 7 Rd Swiss 12m+1s Starts at 2200hrs ST"]
[Site "Infinity Chess"]
[Date "2018.1.16"]
[Round "2"]
[White "hafaba"]
[Black "MarioDeMonti"]
[Result "1/2-1/2"]
[ECO "D50"]
[WhiteElo "2433"]
[BlackElo "2428"]
[WhiteEngine "Stockfish SL 07012018 POPCNT_CTG"]
[BlackEngine "stockfish_x64_bmi2_2018_01_13_CTG"]
[EventType "Swiss"]
[WhiteTeam ""]
[BlackTeam ""]
[PlyCount "114"]
[TimeControl "720+1"]

1. d4 d5 2. c4 e6 3. Nc3 Nf6 4. Bg5 dxc4 5. e3 c5 6. Nf3 cxd4 7. exd4 Qc7 
8. Rc1 Bd7 9. Be2 Nd5 10. O-O Bb4 11. Nxd5 exd5 12. Bxc4 dxc4 13. Qe2+ Kf8 
14. Rxc4 Qd6 15. Qe4 Nc6 16. Bf4 Qg6 17. d5 Qxe4 18. Rxe4 Ba5 19. Ra4 Bb6 
20. dxc6 Bxc6 21. Rb4 f6 22. Be3 Kf7 23. Bxb6 axb6 24. a3 b5 25. Nd4 Ra4 
26. Rxa4 bxa4 27. f3 Rc8 28. Rc1 Bd7 29. Rd1 Rc5 30. Kf2 Ke7 31. Rd2 Rh5 
32. Kg3 Rd5 33. Kf4 Kd6 34. Ke4 Bc6 35. Kd3 Rc5 36. f4 Bd7 37. Ke4 Rc4 
38. Ke3 Ke7 39. Ne2 Bc6 40. g3 b5 41. Nd4 Bd7 42. Rd1 Rc5 43. Kf3 Rc4 
44. Ke3 Rc5 45. Rd2 Rc4 46. h4 g6 47. Nc2 Rc5 48. Kf3 h5 49. Nd4 Rd5 50. Ke4 Rc5 
51. Ke3 Rc4 52. Kd3 Rc5 53. Re2+ Kd6 54. Rd2 Rc4 55. Ke3 Ke7 56. Re2 Kd6 
57. Rd2 Ke7 1/2-1/2

[Event "Tuesday Night Engine Tour 7 Rd Swiss 12m+1s Starts at 2200hrs ST"]
[Site "Infinity Chess"]
[Date "2018.1.16"]
[Round "2"]
[White "Thor"]
[Black "incredible"]
[Result "1/2-1/2 "]
[ECO "B28"]
[WhiteElo "2451"]
[BlackElo "2440"]
[WhiteEngine "asmFishW_2017-11-19_bmi2"]
[BlackEngine "Stockfish_x64_bmi2"]
[EventType "Swiss"]
[WhiteTeam ""]
[BlackTeam ""]
[PlyCount "237"]
[TimeControl "720+1"]

1. e4 c5 2. Nf3 a6 3. c4 e6 4. Nc3 Nc6 5. d4 cxd4 6. Nxd4 Bb4 7. Be2 Nf6 
8. Nxc6 bxc6 9. O-O e5 10. Qd3 O-O 11. Rd1 Re8 12. Be3 d6 13. Na4 Rb8 14. h3 d5 
15. cxd5 cxd5 16. exd5 Bb7 17. a3 Bd6 18. Nc5 Bxc5 19. Bxc5 Qxd5 20. Qxd5 Nxd5 
21. Bc4 Red8 22. b4 h6 23. a4 Nf4 24. f3 Ne6 25. Bxe6 fxe6 26. Bd6 Rbc8 
27. Bxe5 Bc6 28. Rdc1 Be8 29. a5 g5 30. Bf6 Rxc1+ 31. Rxc1 Rd5 32. h4 Kf7 
33. hxg5 hxg5 34. Bb2 Bb5 35. Kh2 Rd2 36. Rc7+ Rd7 37. Rc2 Rd5 38. Ba1 e5 
39. Rc1 Ke6 40. Re1 Kf5 41. Bc3 Bc6 42. Re4 Bb5 43. Re1 Bc6 44. Re2 Bb5 
45. Re3 Ba4 46. Kh3 Be8 47. Re1 Kf4 48. Kh2 Kf5 49. Bb2 Bb5 50. Kh3 Ba4 
51. Bc3 Bd7 52. g4+ Ke6 53. Bb2 Bc6 54. Re2 Bb5 55. Re1 Bc6 56. Kg3 Bb7 
57. Re2 Bc6 58. Re3 Bb7 59. Re1 Ba8 60. Bc1 Rd3 61. Re3 Rxe3 62. Bxe3 Kf6 
63. Bb6 Bc6 64. Bd8+ Kg6 65. Bb6 Bd5 66. Bf2 Kf6 67. Bc5 Ke6 68. Bb6 Ke7 
69. Bc7 Kf6 70. Bb6 Ke7 71. Be3 Kf6 72. Bd2 Bb7 73. Be1 Bd5 74. Bc3 Bb7 
75. Be1 Bd5 76. Bf2 Be6 77. Bb6 Kg6 78. Bc7 Kf6 79. Bb6 Bd5 80. Bc7 Be6 
81. Bd6 Bd5 82. Bb8 Bc6 83. Bd6 Bd7 84. Bb8 Bb5 85. Bc7 Bc6 86. Bd8+ Kg6 
87. Be7 Bd7 88. Bd6 Kf6 89. Bc5 Bc6 90. Bg1 Bd7 91. Be3 Bc6 92. Bf2 Ke6 
93. Bb6 Kf6 94. Be3 Bb5 95. Bg1 Bd7 96. Be3 Bc6 97. Bc5 Bb5 98. Kf2 Bc6 
99. Be3 Bb7 100. Ke2 Bc6 101. Bd2 Bb5+ 102. Kf2 Bd7 103. Be3 Bb5 104. Ba7 Bc6 
105. Bb6 Kg6 106. Bc7 Kf6 107. Bd8+ Kg6 108. Bc7 Kf6 109. b5 Bxb5 110. Bd8+ Kg6 
111. Be7 Bc4 112. Bd6 Kf6 113. Ke3 Bb3 114. Bb4 Bc4 115. Bc5 Bb5 116. Bb6 Bc6 
117. Bc5 Bd7 118. Bb6 Ba4 119. Bd8+ 1/2-1/2

[Event "Tuesday Night Engine Tour 7 Rd Swiss 12m+1s Starts at 2200hrs ST"]
[Site "Infinity Chess"]
[Date "2018.1.16"]
[Round "2"]
[White "SkyPilot"]
[Black "Eman"]
[Result "1/2-1/2"]
[ECO "C55"]
[WhiteElo "2477"]
[BlackElo "2462"]
[WhiteEngine "stockfish_x64_bmi2_2018_01_13_CTG"]
[BlackEngine "Eman 1.62 64-bit POPCNT"]
[EventType "Swiss"]
[WhiteTeam ""]
[BlackTeam ""]
[PlyCount "189"]
[TimeControl "720+1"]

1. e4 e5 2. Nf3 Nc6 3. Bc4 Nf6 4. d3 Bc5 5. c3 a5 6. O-O d6 7. Re1 O-O 8. h3 h6 
9. Nbd2 Be6 10. a4 Ba7 11. b3 d5 12. exd5 Nxd5 13. Ne4 Re8 14. Bd2 Nf6 
15. Qe2 Nxe4 16. Qxe4 Qd7 17. Be3 Bd4 18. Bd2 Bb6 19. Rad1 Rad8 20. b4 axb4 
21. cxb4 Bd5 22. Bxd5 Qxd5 23. b5 Nd4 24. Nxd4 Qxd4 25. a5 Bc5 26. Be3 Qxe4 
27. dxe4 Rxd1 28. Rxd1 Bxe3 29. fxe3 Ra8 30. Ra1 Kf8 31. g3 Ke7 32. Kg2 f6 
33. g4 Kd6 34. Kf3 c5 35. Ke2 c4 36. Kd2 Kc5 37. a6 Kxb5 38. axb7 Rb8 
39. Ra7 Kb6 40. Ra4 Rxb7 41. Rxc4 Rd7+ 42. Ke2 Re7 43. Ra4 Kc5 44. h4 Kc6 
45. h5 Kb5 46. Ra3 Rf7 47. Kf3 Kc4 48. Ra2 Kb5 49. Kg3 Kc4 50. Kf2 Kd3 
51. Kf3 Kc3 52. Ra3+ Kd2 53. Kf2 Rb7 54. Kf3 Rd7 55. Kf2 Re7 56. Ra1 Kd3 
57. Kf3 Rb7 58. Ra4 Re7 59. Ra3+ Kd2 60. Ra2+ Kd3 61. Ra1 Kd2 62. Ra3 Kc2 
63. Ke2 Rc7 64. Ra6 Rb7 65. Re6 Kb3 66. Kd3 Kb4 67. Rd6 Rc7 68. Ke2 Kb3 
69. Re6 Ra7 70. Rb6+ Kc3 71. Kf3 Rd7 72. Ra6 Kd3 73. Ra3+ Kc4 74. Ra4+ Kb3 
75. Ra6 Rb7 76. Re6 Kc4 77. Rc6+ Kb3 78. Rd6 Kc2 79. Rd8 Kb3 80. Kf2 Kc4 
81. Rd6 Rc7 82. Kf3 Ra7 83. Rc6+ Kb3 84. Kg2 Rd7 85. Kg3 Kb4 86. Ra6 Kc3 
87. Kf3 Rf7 88. Ke2 Rc7 89. Kf3 Rb7 90. Ra1 Re7 91. Ra2 Kd3 92. Ra4 Rd7 
93. Ra3+ Kc4 94. Ra2 Rf7 95. Kg3 1/2-1/2

[Event "Tuesday Night Engine Tour 7 Rd Swiss 12m+1s Starts at 2200hrs ST"]
[Site "Infinity Chess"]
[Date "2018.1.16"]
[Round "2"]
[White "angriff"]
[Black "KULLANI"]
[Result "1/2-1/2"]
[ECO "C77"]
[WhiteElo "2484"]
[BlackElo "2478"]
[WhiteEngine "Raubfisch ME262_GTZ16b1_CTG"]
[BlackEngine "BrainFish_180113_x64_CTG"]
[EventType "Swiss"]
[WhiteTeam ""]
[BlackTeam ""]
[PlyCount "159"]
[TimeControl "720+1"]

1. e4 e5 2. Nf3 Nc6 3. Bb5 a6 4. Ba4 Nf6 5. O-O Be7 6. Re1 b5 7. Bb3 O-O 
8. h3 Bb7 9. d3 d5 10. exd5 Nxd5 11. a4 Nd4 12. Nbd2 Nxb3 13. Nxb3 f6 
14. Na5 Qc8 15. Bd2 Nb6 16. b3 bxa4 17. bxa4 Re8 18. Nxb7 Qxb7 19. c3 Qd5 
20. Qc2 Rad8 21. a5 Nd7 22. d4 exd4 23. cxd4 Bd6 24. Rxe8+ Rxe8 25. Rb1 Rb8 
26. h4 h5 27. Re1 Nf8 28. Rb1 Ra8 29. Bc3 Ne6 30. Qb3 Qxb3 31. Rxb3 Kf7 
32. g3 Kg6 33. Kg2 Rd8 34. Rb7 c5 35. dxc5 Bxc5 36. Bb4 Rc8 37. Be1 Rc7 
38. Rb8 Re7 39. Bb4 Rc7 40. Bd2 Ra7 41. Rh8 Rc7 42. Ra8 Ra7 43. Rb8 Kf7 
44. Rh8 Kg6 45. Rb8 Rc7 46. Be1 Rd7 47. Ra8 Ra7 48. Rb8 Rc7 49. Bd2 Rd7 
50. Bb4 Kf5 51. Bxc5 Nxc5 52. Rb4 Ke6 53. Nd4+ Kf7 54. Nc6 Ke6 55. Nd4+ Ke5 
56. Ne2 Rd2 57. Nf4 Nd3 58. Nxd3+ Rxd3 59. Rb6 Rd6 60. Rb7 g6 61. Ra7 Kf5 
62. Kf3 Rd3+ 63. Ke2 Rd6 64. Kf3 g5 65. hxg5 fxg5 66. Ra8 g4+ 67. Ke3 Re6+ 
68. Kd4 Rd6+ 69. Kc5 Rf6 70. Kd5 Kg5 71. Rg8+ Kh6 72. Ra8 Rf5+ 73. Ke6 Rxf2 
74. Rxa6 h4 75. gxh4 g3 76. Ke5+ Kh5 77. Ra8 Rf7 78. a6 Kxh4 79. Kd5 Rg7 
80. Rh8+ 1/2-1/2

[Event "Tuesday Night Engine Tour 7 Rd Swiss 12m+1s Starts at 2200hrs ST"]
[Site "Infinity Chess"]
[Date "2018.1.16"]
[Round "2"]
[White "KhalidOmar"]
[Black "RonWeasley"]
[Result "1/2-1/2"]
[ECO "A46"]
[WhiteElo "2459"]
[BlackElo "2457"]
[WhiteEngine "Eman 1.62 64-bit BMI2"]
[BlackEngine "BrainFish 130117_CTG"]
[EventType "Swiss"]
[WhiteTeam ""]
[BlackTeam ""]
[PlyCount "129"]
[TimeControl "720+1"]

1. d4 Nf6 2. Nf3 d5 3. c4 e6 4. Nc3 c6 5. Bg5 h6 6. Bxf6 Qxf6 7. e3 Nd7 
8. Bd3 dxc4 9. Bxc4 g6 10. O-O Bg7 11. e4 e5 12. Re1 O-O 13. d5 Rd8 14. a3 Nb6 
15. Bb3 Bg4 16. Re3 Qe7 17. Rc1 cxd5 18. Nxd5 Nxd5 19. Bxd5 Rac8 20. Rxc8 Rxc8 
21. Rd3 Rc7 22. h3 Bc8 23. b4 b6 24. Rd2 Be6 25. Kh2 Bxd5 26. Rxd5 Rc3 
27. Rd7 Qf6 28. Rd3 Rxd3 29. Qxd3 a5 30. bxa5 bxa5 31. Qc4 Bf8 32. a4 Qb6 
33. Qd5 Bg7 34. Nxe5 Qxf2 35. Nxg6 Bf6 36. e5 Bg5 37. h4 Bxh4 38. Nxh4 Qxh4+ 
39. Kg1 h5 40. Qd2 Qxa4 41. Qg5+ Kf8 42. Qd8+ Kg7 43. Qg5+ Kf8 44. Qd8+ Qe8 
45. Qxa5 Kg8 46. e6 fxe6 47. Qg5+ Kh7 48. Kh2 Qg6 49. Qd8 Qf5 50. Qd7+ Kg6 
51. Qd4 Qd5 52. Qh8 e5 53. Qb8 Qe6 54. Qb1+ e4 55. Qb8 e3 56. Qg3+ Kf5 
57. Qh3+ Kf6 58. Qf3+ Kg6 59. Qg3+ Kf5 60. Qh3+ Kf6 61. Qf3+ Kg7 62. Qg3+ Kf6 
63. Qf4+ Kg7 64. Qg3+ Kf6 65. Qf3+ 1/2-1/2